Map: Lerilak Crest

Players

HuK

  • Race: Protoss Protoss
  • League: Grandmaster

Nerchio

  • Race: Zerg Zerg
  • League: Grandmaster

Event: Homestory Cup XII

VOD

Have the link to the VOD?

Description

Time

  • Played on: Dec. 17, 2015, 7:31 a.m.
  • Length: 7:13

All games in this series

Show
View Real Time Build Order
Export as new Build Order

HuK Protoss 

Build Orders: Nexus First 

Get SALT Encoding   

  12  0:01  Probe (Chrono Boost)  
  13  0:11  Probe (Chrono Boost)  
  14  0:19  Pylon  
  14  0:22  Probe (Chrono Boost)  
  15  0:38  Probe (Chrono Boost)  
  16  0:48  Probe (Chrono Boost)  
  17  0:57  Nexus  
  17  1:10  Gateway  
  17  1:12  Probe (Chrono Boost)  
  17  1:16  Assimilator  
  18  1:22  Probe (Chrono Boost)  
  19  1:25  Assimilator  
  19  1:33  Probe (Chrono Boost)  
  20  1:42  Gateway  
  20  1:43  Probe (Chrono Boost)  
  21  1:48  Pylon  
  22  1:54  Probe (Chrono Boost)  
  22  2:04  Cybernetics Core, Probe (Chrono Boost)  
  23  2:15  Probe (Chrono Boost)  
  24  2:19  Probe (Chrono Boost)  
  25  2:25  Probe (Chrono Boost)  
  25  2:29  Probe (Chrono Boost)  
  27  2:36  Probe (Chrono Boost)  
  28  2:40  Probe (Chrono Boost), Adept (Chrono Boost)  
  28  2:41  Adept (Chrono Boost), Warp Gate (Chrono Boost)  
  33  2:47  Pylon  
  34  2:51  Probe (Chrono Boost)  
  34  2:54  Mothership Core (Chrono Boost)  
  36  3:03  Probe (Chrono Boost)  
  37  3:11  Robotics Facility  
  36  3:14  Probe x2 (Chrono Boost)  
  36  3:15  Sentry  
  40  3:23  Gateway  
  40  3:24  Probe (Chrono Boost)  
  42  3:27  Probe (Chrono Boost)  
  42  3:29  Pylon  
  42  3:35  Probe (Chrono Boost)  
  42  3:38  Probe (Chrono Boost)  
  44  3:45  Probe (Chrono Boost)  
  44  3:47  Gateway  
  43  3:51  Gateway  
  43  3:52  Probe (Chrono Boost)  
  42  3:59  Probe (Chrono Boost)  
  42  4:00  Pylon  
  42  4:02  Assimilator  
  43  4:03  Assimilator  
  43  4:04  Sentry x2  
  43  4:05  Probe  
  48  4:13  Warp Prism  
  48  4:14  Probe  
  51  4:17  Probe, Pylon  
  52  4:29  Probe, Pylon  
  52  4:30  Probe  
  54  4:35  Twilight Council  
  54  4:36  Pylon  
  54  4:42  Probe  
  54  4:43  Probe  
  54  4:45  Adept x2  
  60  4:50  Sentry x2  
  64  4:54  Probe  
  65  5:06  Resonating Glaives (Chrono Boost)  
  67  5:20  Pylon x2  
  67  5:21  Forge  
  65  5:26  Nexus  
  65  5:30  Pylon  
  65  5:33  Pylon  
  65  5:34  Probe x2, Observer  
  68  5:46  Probe x2  
  70  5:55  Immortal  
  74  5:57  Sentry x2  
  74  6:00  Sentry  
  74  6:01  Stalker x2  
  74  6:02  Probe x2  
  86  6:14  Probe x2  
  88  6:21  Gateway x2  
  88  6:25  Adept  
  90  6:26  Probe x2  
  90  6:31  Adept x2  
  96  6:33  Adept  
  96  6:38  Probe  
  99  6:45  Pylon  
  103  6:47  Pylon  
  103  6:51  Probe  
  103  6:57  Stalker  
  103  6:58  Stalker x2  
  109  7:06  Pylon  
Show
View Real Time Build Order
Export as new Build Order

Nerchio Zerg 

Build Orders: Hatch First 

Get SALT Encoding   

  12  0:00  Drone  
  13  0:12  Overlord  
  13  0:17  Drone  
  14  0:30  Drone x2  
  14  0:34  Drone  
  17  0:52  Hatchery  
  17  0:55  Drone  
  17  0:58  Drone  
  17  1:02  Extractor  
  17  1:14  Spawning Pool  
  17  1:17  Drone  
  17  1:20  Drone  
  18  1:28  Drone  
  19  1:38  Overlord  
  19  2:01  Zergling x4  
  21  2:05  Queen x2  
  21  2:06  Metabolic Boost  
  25  2:10  Drone  
  25  2:13  Drone  
  27  2:16  Drone  
  28  2:25  Drone x2  
  30  2:32  Drone  
  30  2:36  Drone  
  32  2:42  Drone  
  33  2:50  Hatchery, Overlord  
  32  2:53  Drone  
  33  2:59  Drone  
  34  3:11  Zergling x4  
  36  3:14  Zergling x10  
  36  3:17  Overlord  
  41  3:20  Drone  
  41  3:21  Drone  
  43  3:30  Drone  
  44  3:35  Queen  
  44  3:37  Drone  
  47  3:41  Drone  
  47  3:42  Drone  
  47  3:47  Overlord  
  45  3:50  Overlord  
  45  3:55  Extractor  
  45  3:56  Evolution Chamber  
  45  4:01  Roach Warren  
  45  4:02  Drone x5  
  47  4:06  Drone  
  48  4:13  Drone  
  48  4:15  Drone x2  
  50  4:22  Drone x3  
  50  4:23  Drone  
  54  4:25  Overlord, Zerg Melee Weapons Level 1  
  54  4:26  Queen  
  54  4:29  Drone  
  57  4:31  Extractor  
  56  4:39  Lair  
  56  4:40  Spore Crawler, Zergling x6  
  58  4:46  Drone  
  58  4:47  Drone x2  
  58  4:50  Drone x3  
  58  4:52  Drone  
  65  5:01  Drone x5  
  67  5:07  Overlord x2  
  67  5:10  Extractor  
  65  5:21  Overlord  
  65  5:26  Roach x7  
  79  5:32  Overlord  
  79  5:37  Overlord  
  79  5:39  Glial Reconstitution  
  79  5:45  Drone x7  
  79  5:47  Overseer  
  86  5:57  Drone x8  
  87  6:00  Extractor  
  87  6:01  Extractor  
  87  6:02  Overlord  
  92  6:12  Roach x5  
  101  6:26  Drone x2  
  103  6:35  Infestation Pit  
  103  6:38  Hatchery, Roach x2  
  105  6:41  Zergling x14  
  105  6:44  Overlord x3  
  112  6:50  Hydralisk Den  
Tags
 
Add a new tag
Caveats
  • Supply blocks, unpowered buildings, or Contaminate may cause inaccurate times.
  • Supply counts are checked every 10 seconds.